 Dungeon Crawl Stone Soup version 0.29-a0-575-g0dc89cf053 (webtiles) character file.

Game seed: 15250938211964167238

74 DocClef the Covert (level 4, 0/41 HPs)
             Began as a Gnoll Delver on June 12, 2022.
             Slain by a quokka (3 damage)
             ... on level 4 of the Dungeon.
             The game lasted 00:00:36 (595 turns).

DocClef the Covert (Gnoll Delver)                    Turns: 595, Time: 00:00:36

Health: 0/41       AC:  3    Str: 11    XL:     4   Next: 30%
Magic:  5/5        EV: 13    Int: 10    God:
Gold:   25         SH:  0    Dex: 15    Spells: 5/5 levels left

rFire   . . .      SeeInvis .   a - +0 short sword
rCold   . . .      Faith    .   (no shield)
rNeg    . . .      Spirit   .   b - +0 leather armour
rPois   .          Reflect  .   (no helmet)
rElec   .          Harm     .   (no cloak)
rCorr   .          Rampage  .   (no gloves)
Will    .....                   (no boots)
Stlth   ++++......              (no amulet)
HPRegen 0.13/turn               (no ring)
MPRegen 0.09/turn               (no ring)

@: no status effects
A: fangs 1, strong nose, distributed training
a: no special abilities


You were on level 4 of the Dungeon.
You visited 1 branch of the dungeon, and saw 2 of its levels.

You collected 25 gold pieces.

Inventory:

Hand Weapons
 a - a +0 short sword (weapon)
Armour
 b - a +0 leather armour (worn)
Jewellery
 i - an amulet of faith
 k - an amulet of magic regeneration
Wands
 g - a wand of digging (3)
 h - a wand of charming (8)
Scrolls
 c - a scroll of fog
 d - a scroll of magic mapping
 e - a scroll of fear
Potions
 f - a potion of haste
 j - a potion of curing {unknown}


   Skills:
 + Level 6.6 Fighting
 + Level 4.6 Short Blades
 + Level 1.1 Long Blades
 + Level 1.1 Axes
 + Level 1.1 Maces & Flails
 + Level 1.1 Polearms
 + Level 1.1 Staves
 + Level 1.1 Slings
 + Level 1.1 Bows
 + Level 1.1 Crossbows
 + Level 1.1 Throwing
 + Level 1.1 Armour
 + Level 4.6 Dodging
 + Level 9.6 Stealth
 + Level 1.1 Shields
 + Level 1.1 Unarmed Combat
 + Level 1.1 Spellcasting
 + Level 0.8 Conjurations
 + Level 0.8 Hexes
 + Level 0.8 Summonings
 + Level 0.8 Necromancy
 + Level 0.8 Translocations
 + Level 0.8 Transmutations
 + Level 0.8 Fire Magic
 + Level 0.8 Ice Magic
 + Level 0.8 Air Magic
 + Level 0.8 Earth Magic
 + Level 0.8 Poison Magic
 + Level 1.2 Invocations
 + Level 1.1 Evocations


You had 5 spell levels left.
You didn't know any spells.
Your spell library was empty.

Dungeon Overview and Level Annotations

Branches:
Dungeon (5/15)
 Temple: D:4-7

Altars:


Innate Abilities, Weirdness & Mutations

You have very sharp teeth.
Your uncanny sense of smell can sniff out nearby items.
Your experience applies equally to all skills.


Message History

You are too injured to fight recklessly!
You are too injured to fight recklessly!
You hit the bullfrog.
The bullfrog is heavily wounded.
The bullfrog closely misses you. The quokka closely misses you.
You hit the bullfrog but do no damage.
You punch the bullfrog, but do no damage.
The bullfrog is heavily wounded.
The bullfrog closely misses you. The quokka closely misses you.
The bullfrog barely misses you.
Unknown command.
You hit the bullfrog.
The bullfrog is heavily wounded.
The quokka barely misses you. The bullfrog hits you.
Unknown command.
You barely miss the bullfrog.
The bullfrog is heavily wounded.
The bullfrog closely misses you. The quokka barely misses you.
Unknown command.
You hit the bullfrog.
The bullfrog is heavily wounded.
The bullfrog misses you. The quokka closely misses you. The bullfrog hits you.
* * * LOW HITPOINT WARNING * * *
You closely miss the bullfrog.
The bullfrog is heavily wounded.
The quokka bites you but does no damage.
The bullfrog closely misses you.
Unknown command.
You closely miss the bullfrog.
The bullfrog is heavily wounded.
The bullfrog hits you.
* * * LOW HITPOINT WARNING * * *
The quokka closely misses you.
Unknown command.
You hit the bullfrog.
The bullfrog is heavily wounded.
The bullfrog hits you.
* * * LOW HITPOINT WARNING * * *
The quokka bites you.
You die...

.......###.##...# .#
†##.##...#....#.##.##
.##..#.#.####.......#
..##...#.# ##.##.#..#
#.###..... #.##.# #
#..##..#...
#....##.## ....#.##
#...###......#
.........
#......r#.#)#
......... ###.##@.# #
......... #
#.F....... .........
...#...#### .........
#... ...# .........
##.. .#..# .........
### .#..# ........
.##.# .. .. .# .


You could see a bullfrog and a quokka.

Vanquished Creatures
  A howler monkey (D:5)
  An iguana (D:4)
  A gnoll (D:5)
  An endoplasm (D:4)
4 creatures vanquished.

Notes
Turn   | Place    | Note
-------+----------+-------------------------------------------
     0 | D:5      | Reached skill level 9 in Stealth
     0 | D:5      | DocClef the Gnoll Delver began the quest for the Orb.
     0 | D:5      | Reached XP level 1. HP: 23/23 MP: 1/1
     9 | D:5      | Noticed a howler monkey
    19 | D:5      | Killed a howler monkey
    20 | D:5      | Reached XP level 2. HP: 20/29 MP: 1/3
    20 | D:5      | Reached XP level 3. HP: 24/35 MP: 1/4
   145 | D:5      | Reached skill level 1 in Invocations
   374 | D:4      | Reached skill level 1 in Long Blades
   374 | D:4      | Reached skill level 1 in Axes
   374 | D:4      | Reached skill level 1 in Maces & Flails
   374 | D:4      | Reached skill level 1 in Polearms
   374 | D:4      | Reached skill level 1 in Staves
   374 | D:4      | Reached skill level 1 in Slings
   374 | D:4      | Reached skill level 1 in Bows
   374 | D:4      | Reached skill level 1 in Crossbows
   374 | D:4      | Reached skill level 1 in Throwing
   374 | D:4      | Reached skill level 1 in Armour
   374 | D:4      | Reached skill level 1 in Shields
   374 | D:4      | Reached skill level 1 in Unarmed Combat
   374 | D:4      | Reached skill level 1 in Spellcasting
   374 | D:4      | Reached skill level 1 in Evocations
   374 | D:4      | Reached XP level 4. HP: 18/41 MP: 5/5
   580 | D:4      | Noticed a bullfrog
   595 | D:4      | Slain by a quokka

Illustrated notes

Levels and vault maps discovered:
D:4:      layout_rooms, minmay_temple_entry_overgrown, minmay_misc_feat_x
D:5:      layout_loops_ring

Skill      XL: |  1  2  3 |
---------------+----------+-----
Stealth        | |  9.6
Invocations    | 1 |  1.2
Long Blades    | 1 |  1.1
Axes           | 1 |  1.1
Maces & Flails | 1 |  1.1
Polearms       | 1 |  1.1
Staves         | 1 |  1.1
Slings         | 1 |  1.1
Bows           | 1 |  1.1
Crossbows      | 1 |  1.1
Throwing       | 1 |  1.1
Armour         | 1 |  1.1
Shields        | 1 |  1.1
Unarmed Combat | 1 |  1.1
Spellcasting   | 1 |  1.1
Evocations     | 1 |  1.1
Fighting       | |  6.6
Short Blades   | |  4.6
Dodging        | |  4.6
Conjurations   | |  0.8
Hexes          | |  0.8
Summonings     | |  0.8
Necromancy     | |  0.8
Translocations | |  0.8
Transmutations | |  0.8
Fire Magic     | |  0.8
Ice Magic      | |  0.8
Air Magic      | |  0.8
Earth Magic    | |  0.8
Poison Magic   | |  0.8

Action                   |  1- 3 |  4- 6 || total
-------------------------+-------+-------++-------
Melee: Short sword       |    26 |    12 ||    38
       Bite              |     4 |       ||     4
       Punch             |     1 |     2 ||     3
Armor: Leather armour    |       |     2 ||     2
Dodge: Dodged            |    11 |    16 ||    27

Table legend: (Time is in decaauts)
 A = Elapsed time spent in this place.
 B = Non-inter-level travel time spent in this place.
 C = Inter-level travel time spent in this place.
 D = Time resting spent in this place.
 E = Time spent auto-exploring this place.
 F = Levels seen in this place.
 G = Mean time per level.
                   A        B        C        D        E       F      G
               +--------+--------+--------+--------+--------+-----+--------+
         Total |    590 |    590 |      0 |      0 |    475 |   2 |  295.0 |
       Dungeon |    590 |    590 |      0 |      0 |    475 |   2 |  295.0 |
               +--------+--------+--------+--------+--------+-----+--------+

Top non-repeatable levels by time:
     D:4: 402 daAuts
     D:5: 187 daAuts
